 Dungeon Crawl Stone Soup version 0.17.0-15-g6d90897 (webtiles) character file.

29796 timbw the Brawler (level 13, -4/68 HPs)
             Began as a Vine Stalker Fighter on Nov 10, 2015.
             Was a High Priest of Okawaru.
             Killed from afar by an electric eel (6 damage)
             ... with a bolt of electricity
             ... on level 8 of the Lair of Beasts.
             The game lasted 00:26:12 (5397 turns).

timbw the Brawler (Vine Stalker Fighter)            Turns: 5397, Time: 00:26:12

Health: -4/68      AC: 16    Str: 20    XL:     13   Next: 47%
Magic:  0/17       EV: 17    Int:  8    God:    Okawaru [*****.]
Gold:   710        SH: 14    Dex: 24    Spells: 0 memorised, 12 levels left

rFire  . . .     SeeInvis .       - Unarmed
rCold  . . .     Clarity  .     T - +0 chain mail "Equos" {Dex+2 Slay+3}
rNeg   . . .     SustAt   .     b - +0 shield
rPois  .         Gourm    .     (no helmet)
rElec  .         Spirit   +     c - +0 cloak
rCorr  .         Warding  .     A - +1 pair of gloves
rMut   .         Stasis   .     (no boots)
MR     +....                    (no amulet)
Stlth  +.........               p - +6 ring of slaying
                                P - +4 ring of dexterity

@: heroism, somewhat resistant to hostile enchantments, very unstealthy
A: fangs 3, regeneration 3, magic shield, antimagic bite, no device heal 3, rot
immunity
a: Heroism, Finesse, Renounce Religion


You were on level 8 of the Lair of Beasts.
You worshipped Okawaru.
Okawaru was extremely pleased with you.
You were not hungry.

You visited 3 branches of the dungeon, and saw 20 of its levels.
You also visited: Ice Cave.

You collected 710 gold pieces.

Inventory:

Hand Weapons
 x - a +1 blowgun
Missiles
 a - 16 poisoned needles
 y - a throwing net (quivered)
Armour
 b - a +0 shield (worn)
 c - a +0 cloak (worn)
 j - a +0 plate armour
 w - a +1 large shield of cold resistance
 A - a +1 pair of gloves (worn)
 K - a cursed -1 buckler
 N - the +3 buckler of Sanann {+Blink}
   (Okawaru gifted it to you in an ice cave)

   It lets you blink.
 T - the +0 chain mail "Equos" (worn) {Dex+2 Slay+3}
   (Okawaru gifted it to you on level 5 of the Lair of Beasts)

   It affects your dexterity (+2).
   It affects your accuracy and damage with ranged weapons and melee attacks
   (+3).
Jewellery
 g - an uncursed ring of positive energy
 p - a +6 ring of slaying (right hand)
 u - an uncursed ring of stealth
 F - an uncursed ring of sustain attributes
 G - an uncursed ring of protection from cold
 P - a +4 ring of dexterity (left hand)
Wands
 h - a wand of flame (25)
 i - a wand of lightning (5)
 m - a wand of digging (11)
 t - a wand of disintegration (12)
 M - a wand of polymorph (11)
Scrolls
 k - a scroll of blinking
 s - 2 scrolls of silence
 v - a scroll of recharging
 E - a scroll of fog
 R - a scroll of remove curse
 S - 2 scrolls of fear
 U - a scroll of teleportation
Potions
 e - 3 potions of brilliance
 l - 2 potions of curing
 n - 2 potions of agility
 o - 2 potions of flight
 q - a potion of ambrosia
 r - a potion of poison
 z - 2 potions of lignification
 B - 2 potions of haste
 C - a potion of cure mutation {unknown}
 D - 3 potions of resistance
 I - 4 potions of might
 J - a potion of heal wounds {unknown}
 L - a potion of beneficial mutation {unknown}
 Q - a potion of degeneration {unknown}
Comestibles
 d - 5 bread rations
 f - 3 meat rations
 H - a royal jelly
 O - 6 chunks of flesh


   Skills:
 + Level 7.8(12.8) Fighting
 + Level 6.9(11.9) Armour
 + Level 6.5(11.5) Dodging
 + Level 8.0(13.0) Shields
 * Level 15.2(20.2) Unarmed Combat
 - Level 4.0 Invocations


You had 12 spell levels left.
You didn't know any spells.

Dungeon Overview and Level Annotations

Branches:
Dungeon (11/15)            Temple (1/1) D:6            Lair (8/8) D:8
  Swamp (0/4) Lair:6        Snake (0/4) Lair:3        Slime (0/6) Lair:6
    Orc: D:9-12

Altars:
Ashenzari
Cheibriados
Dithmenos
Elyvilon
Fedhas
Gozag
Kikubaaqudgha
Makhleb
Okawaru
Ru
Trog
Xom
The Shining One

Shops:
D:5 (

Annotations:
D:4 HaroldButt's ghost, amateur FoFi


Innate Abilities, Weirdness & Mutations

You have razor-sharp teeth.
You regenerate.
When hurt, damage is shared between your health and your magic reserves.
Your bite disrupts and absorbs the magic of your enemies.
Potions and wands cannot restore your health.
You are immune to rotting.


Message History

The bolt of electricity hits you! x2
The electric eel shoots out a bolt of lightning at you!
The bolt of electricity hits you!
The electric eel shoots out a bolt of lightning at you!
The bolt of electricity hits you!
The electric eel shoots out a bolt of lightning at you!
The bolt of electricity hits you!
* * * LOW HITPOINT WARNING * * *
The electric eel shoots out a bolt of lightning at you!
The bolt of electricity hits you!
* * * LOW HITPOINT WARNING * * *
The bolt of electricity hits you!
* * * LOW HITPOINT WARNING * * *
The electric eel shoots out a bolt of lightning at you!
The bolt of electricity hits you!
* * * LOW HITPOINT WARNING * * *
Unknown command.
The electric eel shoots out a bolt of lightning at you!
The bolt of electricity hits you!
You die...

≈≈≈P≈≈≈≈.≈≈≈≈...≈..≈.
....≈≈≈;≈;.≈........#
..≈≈..≈...;.PP.≈....
........≈........P### ..
....................## .......
.....................###.....)..
.............#.......P#.......P#
..............#........P.......#
#.P..#.P..#††#..@..............##
#..P####.##.#†###...............#
#### ######.##................#
###..#............#.#
##....PP.........##
#P.P..............
............^.......
....................
.....................


You could see 2 electric eels.

Vanquished Creatures
  A frost giant (IceCv)
  3 hydras
  The ghost of Chiseanne the Nimble, a journeyman DEAK of Lugonu (D:11)
  A hill giant (D:11)
  A cyclops (D:11)
  A griffon (Lair:5)
  2 black mambas
  A torpor snail (Lair:4)
  4 komodo dragons
  8 spiny frogs
  13 polar bears
  24 blink frogs
  18 yaks
  2 deep elf magi
  A wyvern (Lair:6)
  A hungry ghost (D:7)
  2 nagas (Lair:3)
  12 vampire mosquitoes
  2 hippogriffs
  2 orc warriors
  3 porcupines
  Duvessa (D:6)
  2 ice beasts
  12 wolves (IceCv)
  2 phantoms
  A sky beast (D:9)
  A black bear (D:11)
  11 water moccasins
  A necrophage (D:5)
  2 ogres (D:11)
  2 centaurs
  2 crocodiles
  17 giant frogs
  2 big kobolds
  A wyvern zombie (D:10)
  Dowan (D:6)
  A scorpion (D:5)
  6 killer bees (D:9)
  7 electric eels
  3 wights (D:9)
  2 centaur zombies
  2 vampire bats (D:9)
  5 crimson imps
  4 hounds
  A giant frog zombie (D:6)
  2 orc priests
  A quasit (D:11)
  Crazy Yiuf (D:2)
  A centaur skeleton (D:4)
  3 jellies
  3 orc wizards
  7 iguanas
  A giant frog skeleton (D:8)
  4 worker ants
  Natasha (twice) (D:3)
  16 sheep
  A mummy (D:9)
  A hound skeleton (D:8)
  4 worker ant zombies
  4 adders
  16 river rats
  12 white imps
  2 shadow imps (D:11)
  An ooze (D:4)
  An adder skeleton (D:8)
  4 worms
  30 orcs
  3 bat skeletons (D:9)
  3 bat zombies (D:9)
  6 hobgoblins
  14 jackals
  10 kobolds
  5 quokkas
  A ball python (D:5)
  5 bats
  3 goblins
  A jackal skeleton (D:4)
  A quokka zombie (D:5)
  A rat (D:3)
  2 fungi
364 creatures vanquished.

Vanquished Creatures (others)
  A fungus (Lair:5)
  A plant (Lair:6)
2 creatures vanquished.

Grand Total: 366 creatures vanquished

Notes
Turn   | Place    | Note
--------------------------------------------------------------
     0 | D:1      | timbw the Vine Stalker Fighter began the quest for the Orb.
     0 | D:1      | Reached XP level 1. HP: 11/11 MP: 2/2
   113 | D:2      | Noticed Crazy Yiuf
   120 | D:2      | Killed Crazy Yiuf
   120 | D:2      | Reached skill level 3 in Unarmed Combat
   120 | D:2      | Reached XP level 2. HP: 5/16 MP: 1/3
   120 | D:2      | Reached XP level 3. HP: 5/19 MP: 1/4
   210 | D:2      | Reached skill level 4 in Unarmed Combat
   254 | D:2      | Reached XP level 4. HP: 12/23 MP: 5/5
   285 | D:2      | Found a shadowy altar of Dithmenos.
   311 | D:3      | Noticed Natasha
   325 | D:3      | Killed Natasha
   360 | D:3      | Noticed Natasha
   368 | D:3      | Killed Natasha
   485 | D:4      | Reached skill level 5 in Unarmed Combat
   485 | D:4      | Reached XP level 5. HP: 27/27 MP: 6/6
   659 | D:4      | Noticed HaroldButt's ghost (amateur FoFi)
   704 | D:5      | Entered Level 5 of the Dungeon
   708 | D:5      | Found a shimmering altar of Xom.
   757 | D:6      | Reached skill level 6 in Unarmed Combat
   757 | D:6      | Gained mutation: You heal very quickly. [Vine Stalker growth]
   757 | D:6      | Reached XP level 6. HP: 22/32 MP: 4/7
   758 | D:6      | Found a sacrificial altar of Ru.
   791 | D:6      | Noticed Duvessa
   792 | D:6      | Noticed Dowan
   858 | D:5      | Noticed a centaur
   887 | D:5      | Killed a centaur
   887 | D:5      | Reached skill level 7 in Unarmed Combat
   915 | D:5      | Reached XP level 7. HP: 27/35 MP: 8/8
   998 | D:5      | Noticed a necrophage
  1005 | D:5      | Killed a necrophage
  1056 | D:5      | Noticed a phantom
  1070 | D:5      | Reached skill level 8 in Unarmed Combat
  1106 | D:5      | Killed a phantom
  1137 | D:5      | Noticed an ice beast
  1154 | D:5      | Killed an ice beast
  1186 | D:5      | Reached skill level 9 in Unarmed Combat
  1186 | D:5      | Gained mutation: You have razor-sharp teeth. [Vine Stalker growth]
  1186 | D:5      | Reached XP level 8. HP: 35/39 MP: 9/9
  1200 | D:5      | Found Udwyariy's Weapon Shop.
  1250 | D:6      | Noticed a phantom
  1272 | D:6      | Killed a phantom
  1279 | D:6      | Found a staircase to the Ecumenical Temple.
  1287 | Temple   | Entered the Ecumenical Temple
  1301 | Temple   | Became a worshipper of Warmaster Okawaru
  1340 | D:5      | Noticed an ogre
  1365 | D:6      | Noticed an orc warrior
  1378 | D:6      | Killed an orc warrior
  1378 | D:6      | Reached skill level 10 in Unarmed Combat
  1402 | D:6      | Killed Duvessa
  1408 | D:6      | Killed Dowan
  1408 | D:6      | Reached * piety under Okawaru
  1420 | D:6      | Found a white marble altar of Elyvilon.
  1446 | D:7      | Reached skill level 11 in Unarmed Combat
  1518 | D:8      | Reached XP level 9. HP: 43/43 MP: 10/10
  1562 | D:8      | Found a burning altar of Makhleb.
  1606 | D:8      | Found an opulent altar of Gozag.
  1781 | D:10     | Entered Level 10 of the Dungeon
  1837 | D:10     | Found a shattered altar of Ashenzari.
  1906 | D:10     | Reached skill level 1 in Invocations
  2005 | D:10     | Reached skill level 1 in Dodging
  2106 | D:11     | Noticed a komodo dragon
  2121 | D:11     | Killed a komodo dragon
  2186 | D:11     | Reached ** piety under Okawaru
  2186 | D:11     | Reached skill level 12 in Unarmed Combat
  2186 | D:11     | Reached XP level 10. HP: 22/49 MP: 12/12
  2202 | D:11     | Noticed a hill giant
  2208 | D:11     | Killed a hill giant
  2381 | D:11     | Noticed a cyclops
  2383 | D:11     | Noticed Chiseanne's ghost (journeyman DEAK)
  2390 | D:11     | Killed a cyclops
  2404 | D:11     | Killed Chiseanne's ghost
  2404 | D:11     | Reached *** piety under Okawaru
  2613 | D:9      | Found a snail-covered altar of Cheibriados.
  2686 | D:9      | Found an ancient bone altar of Kikubaaqudgha.
  3117 | D:8      | Found a staircase to the Lair.
  3147 | Lair:1   | Entered Level 1 of the Lair of Beasts
  3254 | Lair:3   | Found a frozen archway.
  3319 | IceCv    | Entered an ice cave
  3337 | IceCv    | Reached **** piety under Okawaru
  3337 | IceCv    | Reached skill level 5 in Shields
  3337 | IceCv    | Reached XP level 11. HP: 43/54 MP: 15/15
  3360 | IceCv    | Reached skill level 5 in Fighting
  3382 | IceCv    | Reached skill level 13 in Unarmed Combat
  3537 | IceCv    | Noticed a frost giant
  3548 | IceCv    | Killed a frost giant
  3548 | IceCv    | Reached ***** piety under Okawaru
  3548 | IceCv    | Reached skill level 5 in Armour
  3588 | IceCv    | Received a gift from Okawaru
  3617 | IceCv    | Received a gift from Okawaru
  3625 | IceCv    | Got a twisted buckler {god gift}
  3636 | IceCv    | Identified the +3 buckler of Sanann {+Blink} (Okawaru gifted it to you in an ice cave)
  3676 | IceCv    | Noticed an ice statue
  3779 | Lair:3   | Gained mutation: You regenerate. [Vine Stalker growth]
  3779 | Lair:3   | Reached XP level 12. HP: 57/61 MP: 14/16
  3834 | Lair:4   | Reached skill level 5 in Dodging
  4006 | Lair:3   | Reached skill level 14 in Unarmed Combat
  4099 | Lair:5   | Noticed a five-headed hydra
  4276 | Lair:5   | Received a gift from Okawaru
  4297 | Lair:5   | Got a jacinth-studded chain mail {god gift}
  4308 | Lair:5   | Identified the +0 chain mail "Equos" {Dex+2 Slay+3} (Okawaru gifted it to you on level 5 of the Lair of Beasts)
  4433 | Lair:5   | Killed a five-headed hydra
  4634 | Lair:3   | Found a staircase to the Snake Pit.
  4789 | Lair:6   | Noticed a five-headed hydra
  4800 | Lair:6   | Killed a five-headed hydra
  4848 | Lair:5   | Reached XP level 13. HP: 67/67 MP: 17/17
  4881 | Lair:6   | Found a staircase to the Slime Pits.
  4900 | Lair:6   | Noticed a seven-headed hydra
  4909 | Lair:6   | Killed a seven-headed hydra
  5165 | Lair:6   | Found a staircase to the Swamp.
  5202 | Lair:6   | Found a glowing golden altar of the Shining One.
  5229 | Lair:7   | Reached skill level 15 in Unarmed Combat
  5265 | Lair:8   | Entered Level 8 of the Lair of Beasts
  5395 | Lair:8   | HP: 1/68 [electric eel/bolt of electricity (7)]
  5397 | Lair:8   | Killed from afar by an electric eel

Action                   |  1- 3 |  4- 6 |  7- 9 | 10-12 | 13-15 || total
-------------------------+-------+-------+-------+-------+-------++-------
Melee: Unarmed           |    99 |   187 |   254 |   434 |   160 ||  1134
Throw: Throwing net      |       |       |       |     1 |       ||     1
Invok: Heroism           |       |       |     5 |    14 |     5 ||    24
Evoke: Wand              |       |       |       |     1 |       ||     1
  Use: Potion            |     1 |       |       |     2 |       ||     3
       Scroll            |       |     6 |     5 |    10 |     4 ||    25
  Eat: Chunk             |       |     1 |     2 |     5 |     3 ||    11
       Fruit             |       |       |     3 |       |       ||     3
       Bread ration      |       |       |       |     1 |       ||     1
